 Dungeon Crawl Stone Soup version 0.19-a0-1035-gdbfb0c6 (webtiles) character file.

126 Gagarin the Charmwright (level 4, -7/38 HPs)
             Began as a Draconian Skald on July 29, 2016.
             Mangled by an orc
             ... wielding a +0 falchion
              (8 damage)
             ... on level 3 of the Dungeon.
             The game lasted 00:06:02 (1814 turns).

Gagarin the Charmwright (Draconian Skald)           Turns: 1814, Time: 00:06:03

Health: -7/38      AC:  5    Str: 13 (15) XL:     4   Next: 84%
Magic:  6/7        EV: 12    Int: 11 (12) God:
Gold:   112        SH:  0    Dex: 10 (11) Spells: 2 memorised, 4 levels left

rFire  . . .     SeeInvis .     a - +0 falchion
rCold  . . .     Gourm    .     (armour unavailable)
rNeg   . . .     Faith    .     (no shield)
rPois  .         Spirit   .     (helmet restricted)
rElec  .         Dismiss  .     (no cloak)
rCorr  .         Reflect  .     (no gloves)
SustAt .         Harm     .     (no boots)
MR     .....                    (no amulet)
Stlth  +.........               (no ring)
                                (no ring)

@: not resistant to hostile enchantments, very unstealthy
A: unfitting armour, cold-blooded, AC +5
a: no special abilities


You were on level 3 of the Dungeon.
You were hungry.

You visited 1 branch of the dungeon, and saw 3 of its levels.

You collected 112 gold pieces.

Inventory:

Hand Weapons
 a - a +0 falchion (weapon)
Jewellery
 i - an uncursed ring of protection from fire {unknown}
Scrolls
 d - a scroll of blinking {unknown}
 g - a scroll of enchant weapon {unknown}
 k - a scroll of identify {unknown}
 l - 2 scrolls of random uselessness {unknown}
 m - a scroll of enchant armour {unknown}
 n - 3 scrolls of remove curse {unknown}
Potions
 j - a potion of ambrosia {unknown}
 p - a potion of curing {unknown}
 q - a potion of flight {unknown}
Books
 b - a book of Battle

   Spells                             Type                      Level
   a - Infusion                       Charms                       1
   b - Shroud of Golubria             Charms/Translocation         2
   c - Song of Slaying                Charms                       2
   d - Spectral Weapon                Hexes/Charms                 3
   e - Regeneration                   Charms/Necromancy            3
Comestibles
 c - 2 bread rations
 h - a meat ration
 o - a beef jerky


   Skills:
 + Level 3.2 Fighting
 + Level 2.7 Long Blades
 + Level 2.5 Dodging
 + Level 0.6 Stealth
 + Level 2.2 Spellcasting
 + Level 3.3 Charms
 + Level 0.2 Translocations


You had 4 spell levels left.
You knew the following spells:

 Your Spells              Type           Power        Failure   Level  Hunger
a - Infusion              Chrm           #...         10%         1    ##.....
b - Shroud of Golubria    Chrm/Tloc      #.........   24%         2    ###....


Dungeon Overview and Level Annotations

Branches:
Dungeon (3/15)

Altars:

Annotations:
D:2 Sigmund


Innate Abilities, Weirdness & Mutations

Your plain brown scales are hard. (AC +5)
Your body does not fit into most forms of armour.
You are cold-blooded and may be slowed by cold attacks.


Message History

You closely miss the orc.
Your tail-slap misses the orc.
The orc is lightly wounded.
The orc hits you with a falchion.
You hit the orc but do no damage.
Your tail-slap misses the orc.
The orc is lightly wounded.
The orc hits you but does no damage.
You hit the orc.
The orc is moderately wounded.
The orc priest mumbles some strange prayers to Beogh against you.
Beogh smites you!
* * * LOW HITPOINT WARNING * * *
The orc barely misses you.
You riposte.
You closely miss the orc. You tail-slap the orc.
The orc is moderately wounded.
It was a potion of degeneration.
There was something very wrong with that liquid.
You feel weakened.
You feel dopey.
You feel clumsy.
The orc priest calls upon Beogh to heal the orc.
The orc's wounds heal themselves!
The orc hits you with a falchion!
You die...

##...##
##.....##
#.......#
#.......#
#<......#
##.....##
##.....##
#####.......#
#oo@........#
#..oo###.....).#
..... ##....>##
.... ##...(# ...
####<# .. #....#
# #.......#
......#.#
#........


You could see an orc priest and 3 orcs.

Vanquished Creatures
  Ijyb (D:2)
  2 adders (D:2)
  2 oozes
  A worm (D:2)
  5 dart slugs
  An orc (D:3)
  A giant cockroach (D:2)
  5 goblins
  9 hobgoblins
  8 jackals
  5 kobolds
  7 bats
  5 giant newts (D:1)
  7 rats
59 creatures vanquished.

Notes
Turn   | Place    | Note
-------+----------+-------------------------------------------
     0 | D:1      | Gagarin the Draconian Skald began the quest for the Orb.
     0 | D:1      | Reached XP level 1. HP: 17/17 MP: 3/3
   112 | D:1      | Reached XP level 2. HP: 17/25 MP: 1/5
   179 | D:1      | Learned a level 2 spell: Shroud of Golubria
   479 | D:1      | Reached XP level 3. HP: 26/30 MP: 6/6
  1176 | D:2      | Noticed Ijyb
  1194 | D:2      | Killed Ijyb
  1194 | D:2      | Reached XP level 4. HP: 26/38 MP: 7/7
  1745 | D:2      | Noticed Sigmund
  1813 | D:3      | HP: 1/38 [orc priest/divine providence (16)]
  1814 | D:3      | Mangled by an orc

Vault maps used:
D:1:      grunt_arrival_crossed_arrows
D:2:      uniq_sigmund, uniq_iyjb
D:3:      vehumet_crystals, uniq_jessica

Skill      XL: |  1  2  3 |
---------------+----------+-----
Charms         | 3 |  3.3
Dodging        | 2 |  2.5
Fighting       | 3 |  3.2
Long Blades    | |  2.7
Stealth        | |  0.6
Spellcasting   | |  2.2
Translocations | |  0.2

Action                   |  1- 3 |  4- 6 || total
-------------------------+-------+-------++-------
Melee: Falchion          |   154 |    82 ||   236
       Tailslap          |    17 |    10 ||    27
 Cast: Infusion          |     1 |     1 ||     2
       Shroud of Golubri |       |     3 ||     3
  Use: Potion            |       |     1 ||     1
 Stab: Sleeping          |       |     1 ||     1
  Eat: Chunk             |     1 |     2 ||     3
Armor: Skin              |    33 |    22 ||    55
Dodge: Dodged            |    91 |    35 ||   126
